 Dungeon Crawl Stone Soup version 0.27-a0-54-g64bdb92e38 (webtiles) character file.

Game seed: 10367610282287009459

42 raceaflais the Skirmisher (level 3, -5/24 HPs)
             Began as a Gargoyle Berserker on Jan 7, 2021.
             Was a Follower of Trog.
             Killed from afar by Sigmund (9 damage)
             ... with a puff of flame
             ... on level 2 of the Dungeon.
             The game lasted 00:01:22 (1452 turns).

raceaflais the Skirmisher (Gargoyle Berserker)      Turns: 1452, Time: 00:01:23

Health: -5/24      AC:  5    Str: 21    XL:     3   Next: 56%
Magic:  3/3        EV: 12    Int:  7    God:    Trog [*.....]
Gold:   103        SH:  0    Dex:  9    Spells: 2/2 levels left

rFire    . . .     SeeInvis .   a - +0 hand axe
rCold    . . .     Faith    .   (no shield)
rNeg     + . .     Spirit   .   b - +0 animal skin
rPois    ∞         Reflect  .   (no helmet)
rElec    +         Harm     .   (no cloak)
rCorr    .         Rampage  .   (no gloves)
Will     .....                  (no boots)
Stlth    +.........             (no amulet)
HPRegen  0.08/turn              (no ring)
MPRegen  0.08/turn              (no ring)

@: no status effects
A: negative energy resistance 1, electricity resistance, unbreathing,
petrification resistance, miasma immunity, AC +3
a: Renounce Religion, Berserk


You were on level 2 of the Dungeon.
You worshipped Trog.
Trog was aware of your devotion.
You visited 1 branch of the dungeon, and saw 2 of its levels.

You collected 103 gold pieces.

Inventory:

Hand Weapons
 a - a +0 hand axe (weapon)
Armour
 b - a +0 animal skin (worn)
Scrolls
 d - a scroll of identify {unknown}
 e - 2 scrolls of magic mapping {unknown}
 f - a scroll of fear {unknown}
Potions
 c - a potion of haste


   Skills:
 + Level 3.9 Fighting
 + Level 3.2 Axes
 + Level 2.2 Armour
 + Level 2.1 Dodging


You had 2 spell levels left.
You didn't know any spells.
Your spell library was empty.

Dungeon Overview and Level Annotations

Branches:
Dungeon (2/15)

Altars:

Annotations:
D:2 Sigmund


Innate Abilities, Weirdness & Mutations

You are resistant to torment.
Your stone body is resilient. (AC +3)
You are immune to poison.
You resist negative energy. (rN+)
You are resistant to electric shocks. (rElec)
You can survive without breathing.
You are immune to petrification.
You are immune to miasma.


Message History

Sigmund the Dreaded comes into view.
He is wielding a +2 scythe of pain and carrying a wand of flame (13).
Sigmund casts a spell at you. The magic dart hits you.
Sigmund is nearby!
Sigmund is nearby!
Sigmund hits you from afar with a +2 scythe of pain!
Ouch! That really hurt!
* * * LOW HITPOINT WARNING * * *
Sigmund is nearby!
You are too injured to fight recklessly!
Sigmund is nearby!
You are too injured to fight recklessly!
Sigmund is nearby!
You are too injured to fight recklessly!
Sigmund is nearby!
You are too injured to fight recklessly!
Sigmund is nearby!
You are too injured to fight recklessly!
Sigmund zaps a wand.
The puff of flame hits you!
You die...

.......#.........#....
.......+.............. #
.......##............. ..
.. #.........#.†..... ...
.. #.........#....... ....
#. #......#..........
.#...#. #.............)..#
.......##..........).....#
.....@...@...............#
.........................#
.........##..............#
.........+...............#
.........###......##...#.#
.......... +......# ...#.#
...#...... #....... .... #
...#......+ ....


You could see Sigmund.

Vanquished Creatures
  A gnoll (D:1)
  A worm (D:2)
  A dart slug (D:1)
  A leopard gecko (D:1)
  A ball python (D:1)
  5 goblins (D:1)
  5 hobgoblins
  3 kobolds (D:1)
  3 bats
  5 rats
26 creatures vanquished.

Notes
Turn   | Place    | Note
-------+----------+-------------------------------------------
     0 | D:1      | raceaflais the Gargoyle Berserker began the quest for the
                  | Orb.
     0 | D:1      | Reached XP level 1. HP: 14/14 MP: 1/1
   105 | D:1      | Reached XP level 2. HP: 14/19 MP: 2/2
   885 | D:1      | Reached XP level 3. HP: 21/24 MP: 3/3
  1448 | D:2      | Noticed Sigmund
  1452 | D:2      | Killed from afar by Sigmund

Illustrated notes

Levels and vault maps discovered:
D:1:      shiori_arrival_oz, layout_basic, interstate_on_off
D:2:      minmay_evil_eye, layout_basic, nicolae_overflow_crystal_walls,
          uniq_sigmund

Skill      XL: |  1  2  3 |
---------------+----------+-----
Axes           | 3 |  3.2
Dodging        | 2 |  2.1
Fighting       | |  3.9
Armour         | |  2.2

Action                   || total
-------------------------++-------
Melee: Hand axe          ||   103
  Use: Potion            ||     1
Armor: Animal skin       ||    26
Dodge: Dodged            ||    66

Table legend: (Time is in decaauts)
 A = Elapsed time spent in this place.
 B = Non-inter-level travel time spent in this place.
 C = Inter-level travel time spent in this place.
 D = Time resting spent in this place.
 E = Time spent auto-exploring this place.
 F = Levels seen in this place.
 G = Mean time per level.
                   A        B        C        D        E       F      G
               +--------+--------+--------+--------+--------+-----+--------+
         Total |   1454 |   1420 |     34 |     14 |   1183 |   2 |  727.0 |
       Dungeon |   1454 |   1420 |     34 |     14 |   1183 |   2 |  727.0 |
               +--------+--------+--------+--------+--------+-----+--------+

Top non-repeatable levels by time:
     D:1: 1359 daAuts
     D:2: 94 daAuts
